 Dungeon Crawl Stone Soup version 0.19.1-1-g22dce08 (webtiles) character file.

7968 Murfle the Basher (level 11, -7/101 HPs)
             Began as a Minotaur Fighter on Jan 15, 2017.
             Was a Believer of the Shining One.
             Killed by Ozocubu's Refrigeration
             ... invoked by Fannar
              (25 damage)
             ... on level 10 of the Dungeon.
             The game lasted 00:41:44 (10049 turns).

Murfle the Basher (Minotaur Fighter)               Turns: 10049, Time: 00:41:45

Health: -7/101     AC: 20    Str: 21    XL:     11   Next: 3%
Magic:  10/10      EV:  8    Int:  5    God:    the Shining One [**....]
Gold:   399        SH: 12    Dex: 13    Spells: 0 memorised, 10 levels left

rFire  . . .     SeeInvis .     R - +0 mace
rCold  . . .     Gourm    .     K - +5 chain mail {rN+}
rNeg   + + .     Faith    .     c - +0 shield
rPois  .         Spirit   .     (helmet restricted)
rElec  .         Reflect  .     e - +2 cloak
rCorr  .         Harm     .     y - +0 pair of gloves
MR     .....                    (no boots)
Stlth  ..........               (no amulet)
                                (no ring)
                                (no ring)

@: glowing
A: retaliatory headbutt, horns 2
a: Divine Shield, Renounce Religion


You were on level 10 of the Dungeon.
You worshipped the Shining One.
The Shining One was pleased with you.
You were not hungry.

You visited 2 branches of the dungeon, and saw 11 of its levels.

You collected 586 gold pieces.
You spent 187 gold pieces at shops.

Inventory:

Hand Weapons
 h - a +0 spear
 I - a +0 fustibalus of freezing
 R - a +0 mace (weapon)
Missiles
 k - 460 stones
 C - 4 tomahawks (quivered)
Armour
 c - a +0 shield (worn)
 e - a +2 cloak (worn)
 x - a +1 chain mail of fire resistance
 y - a +0 pair of gloves (worn)
 K - a +5 chain mail of positive energy (worn)
Jewellery
 a - a cursed ring of loudness {unknown}
 n - a cursed ring of teleportation
 u - an uncursed ring of fire
Wands
 b - a wand of slowing (12/48)
 r - a wand of acid (6/15)
 B - a wand of acid (5/15)
 H - a wand of lightning (5/15)
 N - a wand of flame (24/48)
Scrolls
 g - 6 scrolls of identify
 l - 3 scrolls of amnesia
 o - 2 scrolls of recharging
 s - a scroll of magic mapping
 w - a scroll of holy word {unknown}
 D - 2 scrolls of teleportation
 G - 3 scrolls of remove curse
Potions
 i - a potion of flight
 p - a potion of lignification
 q - a potion of curing
 A - 2 potions of cure mutation
Books
 d - a book of Air

   Spells                             Type                      Level
   a - Shock                          Conjuration/Air              1
   b - Swiftness                      Charms/Air                   2
   c - Repel Missiles                 Charms/Air                   2
   d - Static Discharge               Conjuration/Air              3
   e - Lightning Bolt                 Conjuration/Air              5
 t - a book of Misfortune

   Spells                             Type                      Level
   a - Confusing Touch                Hexes                        1
   b - Confuse                        Hexes                        3
   c - Gell's Gravitas                Hexes/Translocation          3
   d - Petrify                        Transmutation/Earth          4
   e - Metabolic Englaciation         Hexes/Ice                    5
   f - Yara's Violent Unravelling     Hexes/Transmutation          5
 z - a book of Maledictions

   Spells                             Type                      Level
   a - Corona                         Hexes                        1
   b - Ensorcelled Hibernation        Hexes/Ice                    2
   c - Confuse                        Hexes                        3
   d - Tukima's Dance                 Hexes                        3
   e - Dazzling Spray                 Conjuration/Hexes            3
 J - a book of Cantrips

   Spells                             Type                      Level
   a - Confusing Touch                Hexes                        1
   b - Animate Skeleton               Necromancy                   1
   c - Summon Small Mammal            Summoning                    1
   d - Apportation                    Translocation                1
 M - the Guide on the Earthen Voyage
   (You found it on level 5 of the Dungeon)

   Spells                             Type                      Level
   a - Shroud of Golubria             Charms/Translocation         2
   b - Stone Arrow                    Conjuration/Earth            3
   c - Teleport Other                 Translocation                3
   d - Force Lance                    Conjuration/Translocation    4
   e - Bolt of Magma                  Conjuration/Fire/Earth       5
 P - a book of Beasts

   Spells                             Type                      Level
   a - Summon Butterflies             Summoning                    1
   b - Call Canine Familiar           Summoning                    3
   c - Summon Ice Beast               Ice/Summoning                4
   d - Summon Mana Viper              Hexes/Summoning              5
   e - Summon Hydra                   Summoning                    7
Comestibles
 f - 7 bread rations
 j - 6 slices of pizza
 m - 33 fruits
 v - 2 beef jerkies
 E - 4 meat rations
 F - 4 chunks of flesh


   Skills:
 * Level 10.6 Fighting
 + Level 12.4 Maces & Flails
 + Level 8.5 Armour
 - Level 1.8 Dodging
 + Level 10.4 Shields


You had 10 spell levels left.
You didn't know any spells.

Dungeon Overview and Level Annotations

Branches:
Dungeon (10/15)            Temple (1/1) D:5             Orc (0/2) D:10
   Lair: D:8-11

Altars:
Ashenzari
Cheibriados
Dithmenos
Elyvilon
Fedhas
Gozag
Hepliaklqana
Kikubaaqudgha
Makhleb
Nemelex Xobeh
Okawaru
Qazlal
Ru
Sif Muna
Trog
Uskayaw
Vehumet
Xom
Yredelemnul
Zin
The Shining One

Shops:
D:5 =:[?*   D:7 :

Annotations:
D:10 Fannar


Innate Abilities, Weirdness & Mutations

You reflexively headbutt those who attack you in melee.
You have a pair of horns on your head.


Message History

Aim: an ice beast (summoned)
You throw a tomahawk.
The tomahawk barely misses the ice beast.
Throwing (i - inventory. (,) - cycle):
C - 5 tomahawks (quivered)
Press: ? - help, Shift-Dir - straight line, f - Fannar, p - ice beast
Aim: Fannar, wielding a staff of cold and wearing a robe of cold resistance (heavily wounded, covered in an icy film, haloed)
You throw a tomahawk. The tomahawk barely misses Fannar.
The tomahawk hits the ice beast but does no damage.
Fannar casts a spell at you. The bolt of cold hits you!
Throwing (i - inventory. (,) - cycle):
C - 4 tomahawks (quivered)
Press: ? - help, Shift-Dir - straight line, f/p - Fannar
Aim: Fannar, wielding a staff of cold and wearing a robe of cold resistance (heavily wounded, covered in an icy film, haloed)
Okay, then.
There is a staircase to the Orcish Mines here.
You can't go up here!
Fannar gestures wildly while chanting.
Fannar drains the heat from the surrounding environment!
You feel very cold.
You die...

..?..# ......
##########....#
#........#....#
#......#....#
#...@Y.#....#
#......#....#
#......e....#
########†...#
......e.....#
##.....((..#
#.....[.)##
#.......(#
#........#


You could see Fannar and an ice beast.

Vanquished Creatures
  The ghost of Murfle the Basher, a novice MiFi of the Shining One (D:9)
  A hill giant (D:8)
  A cyclops (D:7)
  The ghost of loom the Conjurer, a novice DECj (D:5)
  A troll (D:9)
  A hornet (D:8)
  2 hippogriffs (D:8)
  A hungry ghost (D:8)
  3 yaks (D:9)
  The ghost of cba the Sneak, an amateur OpAs (D:4)
  A water moccasin (D:9)
  A sky beast (D:7)
  A phantom (D:4)
  3 orc warriors
  4 ice beasts
  A black bear (D:9)
  6 ogres
  A centaur (D:9)
  2 crocodiles (D:7)
  The ghost of cba the Sneak, an amateur OpAs of Ashenzari (D:3)
  2 big kobolds (D:8)
  7 bullfrogs
  3 scorpions
  13 killer bees
  2 howler monkeys (D:10)
  A bullfrog zombie (D:6)
  A centaur zombie (D:8)
  5 crimson imps
  2 quasits (D:5)
  A jelly (D:8)
  2 centaur skeletons
  13 orc wizards
  2 orc priests (D:9)
  6 hounds
  2 iguanas
  3 hell rats (D:5)
  5 worker ants
  A howler monkey zombie (D:8)
  3 gnolls (D:6)
  3 river rats (D:5)
  19 adders
  A howler monkey skeleton (D:6)
  2 shadow imps
  An adder skeleton (D:4)
  4 worms
  3 dart slugs
  6 leopard geckos
  38 orcs
  5 giant cockroaches
  7 goblins
  8 hobgoblins
  11 jackals
  5 quokkas
  8 bats
  4 frilled lizards
  12 kobolds
  A leopard gecko zombie (D:8)
  A quokka zombie (D:7)
  34 rats
  A bush (D:1)
282 creatures vanquished.

Vanquished Creatures (others)
  Blork the orc (D:5)
  A crimson imp (D:5)
2 creatures vanquished.

Grand Total: 284 creatures vanquished

Notes
Turn   | Place    | Note
-------+----------+-------------------------------------------
     0 | D:1      | Murfle the Minotaur Fighter began the quest for the Orb.
     0 | D:1      | Reached XP level 1. HP: 19/19 MP: 0/0
   302 | D:1      | Reached XP level 2. HP: 21/27 MP: 1/1
   920 | D:2      | Reached skill level 3 in Maces & Flails
   920 | D:2      | Reached XP level 3. HP: 32/33 MP: 2/2
  1038 | D:2      | Found a sacrificial altar of Ru.
  2020 | D:3      | Reached XP level 4. HP: 40/40 MP: 3/3
  2049 | D:3      | Noticed cba's ghost (amateur OpAs)
  2068 | D:3      | Killed cba's ghost
  2068 | D:3      | Reached skill level 5 in Shields
  2068 | D:3      | Reached XP level 5. HP: 36/46 MP: 4/4
  2286 | D:3      | Found a deep blue altar of Sif Muna.
  2401 | D:3      | Reached skill level 1 in Dodging
  2425 | D:3      | Reached skill level 4 in Maces & Flails
  2444 | D:3      | Reached skill level 5 in Armour
  2669 | D:3      | Found a faded altar of an unknown god.
  2917 | D:4      | Reached XP level 6. HP: 50/53 MP: 5/5
  3020 | D:4      | Noticed cba's ghost (amateur OpAs)
  3032 | D:4      | Killed cba's ghost
  3325 | D:4      | Reached skill level 5 in Maces & Flails
  3434 | D:4      | Reached XP level 7. HP: 55/60 MP: 6/6
  3545 | D:4      | Reached skill level 5 in Fighting
  4056 | D:5      | Entered Level 5 of the Dungeon
  4138 | D:5      | Found Gecountost's Magic Scroll Shop.
  4146 | D:5      | Bought a scroll of remove curse for 33 gold pieces
  4146 | D:5      | Bought a scroll of identify for 22 gold pieces
  4146 | D:5      | Bought a scroll of identify for 22 gold pieces
  4146 | D:5      | Bought a scroll of identify for 22 gold pieces
  4146 | D:5      | Bought a scroll of teleportation for 33 gold pieces
  4146 | D:5      | Bought a scroll of identify for 22 gold pieces
  4146 | D:5      | Bought a scroll of remove curse for 33 gold pieces
  4222 | D:5      | Found Bycvaul's Jewellery Shoppe.
  4291 | D:5      | Reached skill level 6 in Maces & Flails
  4316 | D:5      | Found Xueshaiv's Book Boutique.
  4371 | D:5      | Found a large runed door.
  4371 | D:5      | Found a large runed door.
  4381 | D:5      | Found a large runed door.
  4381 | D:5      | Found a large runed door.
  4475 | D:5      | Reached XP level 8. HP: 44/70 MP: 7/7
  4546 | D:5      | Noticed loom's ghost (novice DECj)
  4548 | D:5      | Noticed Blork the orc
  4562 | D:5      | Killed Blork the orc
  4577 | D:5      | Killed loom's ghost
  4577 | D:5      | Reached skill level 7 in Maces & Flails
  4810 | D:5      | Found Rokh's General Store.
  4863 | D:5      | Found a staircase to the Ecumenical Temple.
  4881 | Temple   | Entered the Ecumenical Temple
  4961 | Temple   | Became a worshipper of the Shining One
  5000 | D:5      | Found Ohirph's Antique Armour Emporium.
  5705 | D:5      | Reached skill level 8 in Maces & Flails
  5953 | D:5      | Identified the Guide on the Earthen Voyage
  6033 | D:6      | Found an ancient bone altar of Kikubaaqudgha.
  6033 | D:6      | Found a burning altar of Makhleb.
  6211 | D:6      | Reached XP level 9. HP: 79/79 MP: 8/8
  6835 | D:7      | Found Romucw's Book Shoppe.
  6858 | D:7      | Reached skill level 9 in Maces & Flails
  7214 | D:7      | Reached skill level 10 in Maces & Flails
  7265 | D:7      | Noticed a cyclops
  7283 | D:7      | Killed a cyclops
  7579 | D:7      | Found a shimmering altar of Xom.
  7589 | D:7      | Reached * piety under the Shining One
  7809 | D:8      | Identified a scroll of acquirement
  8078 | D:8      | Reached XP level 10. HP: 91/91 MP: 9/9
  8136 | D:8      | Reached skill level 11 in Maces & Flails
  8495 | D:8      | Noticed a hill giant
  8504 | D:8      | Killed a hill giant
  8712 | D:9      | Reached ** piety under the Shining One
  9189 | D:9      | Reached skill level 10 in Fighting
  9189 | D:9      | Reached skill level 12 in Maces & Flails
  9216 | D:9      | Noticed Murfle's ghost (novice MiFi)
  9257 | D:9      | Killed Murfle's ghost
  9257 | D:9      | Reached skill level 10 in Shields
  9817 | D:9      | Reached XP level 11. HP: 101/101 MP: 10/10
  9943 | D:10     | Entered Level 10 of the Dungeon
  9943 | D:10     | Noticed Fannar
  9988 | D:10     | Found a staircase to the Orcish Mines.
 10049 | D:10     | Killed from afar by Fannar

Skill      XL: |  1  2  3  4  5  6  7  8  9 10 |
---------------+-------------------------------+-----
Armour         | 4 5 6 7 8 |  8.5
Fighting       | 4 5 7 9 10 | 10.6
Maces & Flails | 3 4 5 6 8 10 12 | 12.4
Shields        | 4 5 6 7 9 10 | 10.4
Dodging        | 1 |  1.8

Action                   |  1- 3 |  4- 6 |  7- 9 | 10-12 || total
-------------------------+-------+-------+-------+-------++-------
Melee: Flail             |   186 |   169 |   393 |    81 ||   829
       Headbutt          |    38 |    22 |    59 |    70 ||   189
       Mace              |       |       |       |   256 ||   256
Throw: Stone             |       |     1 |       |       ||     1
       Tomahawk          |       |       |    14 |    13 ||    27
  Use: Potion            |     1 |     1 |     8 |     5 ||    15
       Scroll            |     5 |     5 |     7 |     2 ||    19
  Eat: Chunk             |     3 |     5 |    11 |     7 ||    26
       Bread ration      |       |       |     1 |       ||     1
       Royal jelly       |       |       |       |     1 ||     1
Armor: Scale mail        |    67 |    70 |       |       ||   137
       Chain mail        |       |    30 |   124 |   155 ||   309
       Skin              |       |       |    18 |    27 ||    45
Dodge: Dodged            |    39 |    47 |    93 |   123 ||   302
Block: Shield            |    66 |   108 |   205 |   232 ||   611
